 Dungeon Crawl Stone Soup version 0.24-a0-584-g9d6b971ae4 (webtiles) character file.

Game seed: 5952250104433625101, levelgen mode: deterministic

307 Froggeryz the Insei (level 6, -1/39 HPs)
             Began as an Octopode Transmuter on Sept 2, 2019.
             Killed from afar by an orc wizard (3 damage)
             ... with a magic dart
             ... on level 4 of the Dungeon.
             The game lasted 00:05:26 (2796 turns).

Froggeryz the Insei (Octopode Transmuter)           Turns: 2796, Time: 00:05:28

Health: -1/39      AC:  2    Str: 11    XL:     6   Next: 40%
Magic:  9/9        EV: 14    Int: 15    God:
Gold:   215        SH:  0    Dex: 13    Spells: 8/9 levels left

rFire    + . .     SeeInvis .     - Unarmed
rCold    . . .     Gourm    .   (no shield)
rNeg     . . .     Faith    .   (helmet restricted)
rPois    .         Spirit   .   g - amulet of magic regeneration
rElec    .         Reflect  .   o - ring of protection from fire
rCorr    .         Harm     .   q - ring of wizardry
MR       .....     Clarity  +   (no ring)
Stlth    ++........             (no ring)
HPRegen  0.13/turn              (no ring)
MPRegen  0.36/turn              (no ring)
                                (no ring)
                                (no ring)

@: no status effects
A: almost no armour, stealthy swim, amphibious, 8 rings, constrict 8, tentacle
spike 1, rugged brown scales 1, camouflage 1, clarity, gelatinous body 1
a: no special abilities


You were on level 4 of the Dungeon.
You were not hungry.

You visited 1 branch of the dungeon, and saw 4 of its levels.

You collected 215 gold pieces.

Inventory:

Hand Weapons
 r - a +2 quarterstaff of chaos
Missiles
 a - 91 arrows
 d - 11 boomerangs (quivered)
Jewellery
 g - an amulet of magic regeneration (around mantle)
 l - an uncursed amulet of faith {unknown}
 o - a ring of protection from fire (left tentacle)
 q - a ring of wizardry (right tentacle)
Scrolls
 b - 2 scrolls of fog {unknown}
 h - 2 scrolls of enchant armour {unknown}
 j - a scroll of magic mapping {unknown}
 k - 3 scrolls of remove curse {unknown}
 m - a scroll of identify
Potions
 e - a potion of invisibility {unknown}
 f - 2 potions of berserk rage
 i - a potion of flight {unknown}
 n - a potion of curing {unknown}
 p - a potion of mutation
 s - a potion of degeneration {unknown}
 t - a potion of magic {unknown}
Comestibles
 c - 5 rations


   Skills:
 - Level 1.0 Fighting
 + Level 3.3 Dodging
 * Level 5.9 Unarmed Combat
 - Level 2.0 Spellcasting
 + Level 2.9 Transmutations


You had 8 spell levels left.
You knew the following spells:

 Your Spells              Type           Power        Failure   Level  Hunger
a - Beastly Appendage     Tmut           ##....       2%          1    #......

Your spell library contained the following spells:

 Spells                   Type           Power        Failure   Level  Hunger
 Sticks to Snakes         Tmut           ##......     4%          2    ###....
 Spider Form              Tmut/Pois      #.........   16%         3    ###....
 Ice Form                 Ice/Tmut       #.......     43%         4    #####..
 Blade Hands              Tmut           ##........   56%         5    ######.


Dungeon Overview and Level Annotations

Branches:
Dungeon (4/15)
 Temple: D:4-7

Altars:

Annotations:
D:4 exclusion: ogre


Innate Abilities, Weirdness & Mutations

You cannot wear most types of armour.
You are very stealthy in the water. (Stealth+)
You are amphibious.
You can wear up to eight rings at the same time.
You can use your tentacles to constrict eight enemies at once.
Your skin changes colour to match your surroundings (Stealth+).
Your rubbery body absorbs attacks. (AC +1, EV +1)
One of your tentacles bears a spike.
You are partially covered in rugged brown scales. (AC +1, +3% HP)
You possess an exceptional clarity of mind.


Message History

The orc wizard blinks!
The orc barely misses you.
You tentacle-slap the orc.
You kill the orc!
You see here an orc corpse.
You closely miss the orc wizard. Your grab misses the orc wizard.
The orc wizard points at you and mumbles some strange words.
The magic dart hits you!
* * * LOW HITPOINT WARNING * * *
You completely miss the orc wizard. You grab the orc wizard.
Your squeeze misses the orc wizard.
You constrict the orc wizard, but do no damage.
The orc wizard hits you but does no damage.
It was a potion of mutation.
You feel extremely strange.
Rugged brown scales grow over part of your body.
Your thoughts seem clearer.
One of your lower tentacles grows a sharp spike.
You constrict the orc wizard, but do no damage.
The orc wizard points at you and mumbles some strange words.
The magic dart hits you.
You die...

... .... ....###
.......
.....>.########
#............#
#............#
#....o@†.....#
#.....)......#
####.........#
#.........#
#.........# #
#.###########
#..####.######....#
#........<..#.##.#
#..###.##.###.##[#


You could see an orc wizard.

Vanquished Creatures
  A howler monkey (D:4)
  An orc priest (D:3)
  A hound (D:4)
  Crazy Yiuf (D:4)
  An orc wizard (D:3)
  6 adders
  An ooze (D:1)
  2 worms (D:2)
  2 dart slugs (D:2)
  3 leopard geckos
  14 orcs
  3 ball pythons
  4 giant cockroaches
  8 goblins
  9 hobgoblins
  3 jackals (D:2)
  A quokka (D:4)
  9 bats
  3 frilled lizards
  6 kobolds
  4 rats
83 creatures vanquished.

Notes
Turn   | Place    | Note
-------+----------+-------------------------------------------
     0 | D:1      | Froggeryz the Octopode Transmuter began the quest for the
                  | Orb.
     0 | D:1      | Reached XP level 1. HP: 13/13 MP: 3/3
   248 | D:1      | Reached XP level 2. HP: 16/18 MP: 5/5
   877 | D:2      | Reached skill level 4 in Unarmed Combat
   899 | D:2      | Reached XP level 3. HP: 23/23 MP: 6/6
  1103 | D:2      | Reached XP level 4. HP: 21/28 MP: 7/7
  1801 | D:3      | Reached skill level 5 in Unarmed Combat
  1888 | D:3      | Reached XP level 5. HP: 28/33 MP: 8/8
  2610 | D:4      | Reached XP level 6. HP: 38/38 MP: 9/9
  2700 | D:4      | Found a runed translucent door.
  2701 | D:4      | Noticed Crazy Yiuf
  2708 | D:4      | Killed Crazy Yiuf
  2796 | D:4      | Gained mutation: You are partially covered in rugged brown
                  | scales. (AC +1, +3% HP) [potion of mutation]
  2796 | D:4      | Gained mutation: You possess an exceptional clarity of
                  | mind. [potion of mutation]
  2796 | D:4      | Gained mutation: One of your tentacles bears a spike.
                  | [potion of mutation]
  2796 | D:4      | Killed from afar by an orc wizard

Levels and vault maps discovered:
D:1:      minmay_arrival_jagged, layout_loops_cross
D:2:      layout_basic, minmay_unequal
D:3:      layout_basic, first_ration, nrook_campfire
D:4:      layout_basic, minmay_temple_entry_fiery, uniq_blork_the_orc,
          uniq_crazy_yiuf_cottage

Skill      XL: |  1  2  3  4  5 |
---------------+----------------+-----
Unarmed Combat | 4 5 |  5.9
Dodging        | 3 |  3.3
Fighting       | |  1.0
Spellcasting   | |  2.0
Transmutations | |  2.9

Action                   |  1- 3 |  4- 6 || total
-------------------------+-------+-------++-------
Melee: Unarmed           |    78 |   114 ||   192
       Constrict         |    21 |    32 ||    53
       Tentacles         |    14 |    17 ||    31
       Punch             |     1 |     2 ||     3
Throw: Boomerang         |     7 |     7 ||    14
  Use: Scroll            |       |     3 ||     3
       Potion            |       |     2 ||     2
 Stab: Sleeping          |     6 |     7 ||    13
       Distracted        |       |     1 ||     1
  Eat: Chunk             |     1 |     5 ||     6
Armor: Skin              |     9 |     4 ||    13
Dodge: Dodged            |    54 |    71 ||   125

Table legend:
 A = Non-vault XP
 B = Vault XP
 C = Vault XP percentage of total XP
 D = Non-vault monster count
 E = Vault monster count
 F = Vault count percentage of total count
                 A         B        C        D         E       F
            +---------+---------+-------+---------+---------+-------
      Total |     400 |      39 |   8.9 |      81 |       2 |   2.4
            +---------+---------+-------+---------+---------+-------
        D:1 |      28 |       0 |   0.0 |      14 |       0 |   0.0
        D:2 |      87 |       2 |   2.2 |      31 |       1 |   3.1
        D:3 |     182 |       0 |   0.0 |      29 |       0 |   0.0
        D:4 |     103 |      37 |  26.4 |       7 |       1 |  12.5
            +---------+---------+-------+---------+---------+-------
